 Dungeon Crawl Stone Soup version 0.29-a0-284-gf9362112df (webtiles) character file.

Game seed: 5535391198287730711

39 esteth the Magician (level 3, -1/27 HPs)
             Began as a Djinni Fire Elementalist on Mar 14, 2022.
             Frozen to death by an endoplasm (6 damage)
             ... on level 2 of the Dungeon.
             The game lasted 00:03:07 (1710 turns).

esteth the Magician (Djinni Fire Elementalist)      Turns: 1710, Time: 00:03:08

Health: -1/27      AC:  2    Str:  7    XL:     3   Next: 67%
Gold:   112        EV: 12    Int: 18    God:
                   SH:  0    Dex: 13

rFire   + + .      SeeInvis .   (no weapon)
rCold   x . .      Faith    .   (no shield)
rNeg    . . .      Spirit   .   a - +0 robe
rPois   ∞          Reflect  .   (no helmet)
rElec   .          Harm     .   (no cloak)
rCorr   .          Rampage  .   (no gloves)
Will    .....                   (boots unavailable)
Stlth   ++........              (no amulet)
HPRegen 0.09/turn               Z - ring of wizardry
MPRegen 0.00/turn               (no ring)

@: flying
A: sickness immunity, fire resistance 2, cold vulnerability 1, float, innate
caster, HP casting, extra vitality 1
a: no special abilities


You were on level 2 of the Dungeon.
You visited 1 branch of the dungeon, and saw 2 of its levels.

You collected 112 gold pieces.


Innate Abilities, Weirdness & Mutations

You are immune to sickness and miasma.
You are immune to poison.
Your flesh is very heat resistant. (rF++)
You are vulnerable to cold. (rC-)
You float through the air rather than walking.
You learn spells naturally, not from books.
Your magical power is your life essence.
You have superior vitality. (+4 MHP)


   Skills:
 + Level 1.4 Fighting
 - Level 2.1 Dodging
 - Level 1.5 Stealth
 * Level 3.1 Spellcasting


You couldn't memorise any spells.
You knew the following spells:

 Your Spells              Type           Power      Damage    Failure   Level
c - Conjure Flame         Conj/Fire      14%        6-21      5%          3
f - Foxfire               Conj/Fire      56%        2x1d6     1%          1
i - Inner Flame           Hex/Fire       14%        N/A       5%          3
s - Sandblast             Erth           28%        2d8       1%          1
X - Scorch                Fire           28%        2d6       2%          2
Y - Flame Wave            Conj/Fire      14%        2d6       17%         4
Your spell library was empty.

Inventory:

Armour
 a - a +0 robe (worn)
Jewellery
 Z - a ring of wizardry (left hand)
   (You found it on level 1 of the Dungeon)
Scrolls
 c - a scroll of magic mapping {unknown}
 e - a scroll of noise {unknown}
 f - a scroll of teleportation {unknown}
 i - a scroll of immolation {!r!r}
 j - a scroll of identify {unknown}
Potions
 b - a potion of resistance {unknown}
 d - a potion of haste {unknown}
 g - a potion of cancellation {unknown}
 h - a potion of heal wounds {unknown}
 k - 2 potions of curing {unknown}

Dungeon Overview and Level Annotations

Branches:
Dungeon (2/15)

Altars:

... ... .. #.. ..
.. .# #.### ##.#
#...##### #..
+........ #.#
##### #..#####
#@#...... #..#
#.Jb..... #.##
#.#...... #.#
#.#########.######
#..# +........
#.###.# #.#######
#.....## ##.#
#####..# #..# ####
##.## ##..# ....


You could see an endoplasm (combustible) and a bat (combustible).


Message History

😎 HP[+7]
Your hp is fully restored (27).
k - a golden potion A bat comes into view.
You see here a golden potion.
A bat is nearby!
Casting: Foxfire (safe; 1% risk of failure)
Confirm with . or Enter, or press ? or * to list all spells.
You conjure some foxfire! 😕 HP[-1]
You take 1 damage, and now have 26/27 hp.
The foxfire hits the bat. 😎 HP[+1]
Your hp is fully restored (27).
The bat misses you.
Casting: Foxfire (safe; 1% risk of failure)
Confirm with . or Enter, or press ? or * to list all spells.
You conjure some foxfire!
The bat misses you. 😕 HP[-1]
You take 1 damage, and now have 26/27 hp.
A bat is nearby!
A bat is nearby!
The foxfire hits the bat.
You kill the bat!
k - 2 golden potions (gained 1)
You reach down and open the door. 2 kobolds, 3 endoplasms and a bat come into view. 😎 HP[+1]
Your hp is fully restored (27).
Casting: Foxfire (safe; 1% risk of failure)
Confirm with . or Enter, or press ? or * to list all spells.
You conjure some foxfire!
The kobold shouts! x2
The endoplasm quivers. x2
The kobold throws a stone.
The stone hits you but does no damage.
The kobold throws a stone.
The stone hits you but does no damage. 😕 HP[-1]
You take 1 damage, and now have 26/27 hp.
Casting: Foxfire (safe; 1% risk of failure)
Confirm with . or Enter, or press ? or * to list all spells.
You conjure some foxfire! 😕 HP[-1]
You take 1 damage, and now have 25/27 hp.
The foxfire hits the endoplasm. x2; The foxfire hits the bat.
The bat closely misses you. The bat barely misses you.
Casting: Foxfire (safe; 1% risk of failure)
Confirm with . or Enter, or press ? or * to list all spells.
You conjure some foxfire!
The bat barely misses you. 😕 HP[-1]
You take 1 damage, and now have 24/27 hp.
The foxfire hits the endoplasm.
The endoplasm hits you but does no damage.
Casting: Foxfire (safe; 1% risk of failure)
Confirm with . or Enter, or press ? or * to list all spells.
You conjure some foxfire!
The endoplasm freezes you.
You are frozen.
You feel a terrible chill! 😮 HP[-5]
You take 5 damage, and now have 19/27 hp.
Casting: Foxfire (safe; 1% risk of failure)
Confirm with . or Enter, or press ? or * to list all spells.
Flames lash the endoplasm.
You kill the endoplasm!
The foxfire hits the endoplasm.
You kill the endoplasm!
The foxfire hits the kobold.
You kill the kobold!
The bat hits you. 😮 HP[-2]
You take 2 damage, and now have 17/27 hp.
Casting: Scorch (safe; 2% risk of failure)
Confirm with . or Enter, or press ? or * to list all spells.
Flames lash the kobold.
The kobold's fire resistance burns away.
The bat barely misses you. 😮 HP[-2]
You take 2 damage, and now have 15/27 hp.
Casting: Scorch (safe; 2% risk of failure)
Confirm with . or Enter, or press ? or * to list all spells.
Flames lash the bat.
The bat's fire resistance burns away.
* * * LOW HITPOINT WARNING * * *
The endoplasm freezes you.
You are frozen.
You feel a terrible chill!
* * * LOW HITPOINT WARNING * * *
😨 HP[-8]
You take 8 damage, and now have 7/27 hp.
MASSIVE DAMAGE!! (PAUSE)
The endoplasm completely misses you.
Casting: Scorch (safe; 2% risk of failure)
Confirm with . or Enter, or press ? or * to list all spells.
Flames lash the endoplasm.
The endoplasm's fire resistance burns away.
* * * LOW HITPOINT WARNING * * *
The endoplasm freezes you.
You are frozen.
You feel a terrible chill!
You die...

Skill      XL: |  1  2 |
---------------+-------+-----
Fighting       | 1 |  1.4
Spellcasting   | 3 |  3.1
Dodging        | |  2.1
Stealth        | |  1.5

Action                   || total
-------------------------++-------
Melee: Unarmed           ||     2
 Cast: Foxfire           ||    42
       Scorch            ||    10
Armor: Robe              ||    12
Dodge: Dodged            ||    19

Levels and vault maps discovered:
D:1:      nicolae_arrival_memento_mori, layout_loops_ring,
          hellmonk_ecumenical_altar_blasted
D:2:      layout_loops_ring, minmay_divided_ellipse, uniq_sigmund, uniq_jessica

Notes
Turn   | Place    | Note
-------+----------+-------------------------------------------
     0 | D:1      | esteth the Djinni Fire Elementalist began the quest for the
                  | Orb.
     0 | D:1      | Reached XP level 1. HP: 15/15 MP: 0/0
     0 | D:1      | magus.rc [v1.11.3]
   342 | D:1      | Reached XP level 2. HP: 21/22 MP: 0/0
   821 | D:1      | Found a faded altar of an unknown god.
   852 | D:1      | Reached skill level 1 in Fighting
  1165 | D:2      | Reached skill level 3 in Spellcasting
  1165 | D:2      | Reached XP level 3. HP: 20/27 MP: 0/0
  1165 | D:2      | Learned a level 1 spell: Sandblast
  1710 | D:2      | Frozen to death by an endoplasm

Vanquished Creatures
  An adder (D:2)
  5 endoplasms
  3 giant cockroaches
  3 goblins
  3 hobgoblins
  3 jackals (D:2)
  A ball python (D:1)
  2 bats (D:2)
  4 kobolds
  A rat (D:1)
26 creatures vanquished.

Vanquished Creatures (collateral kills)
  A foxfire (D:2)
1 creature vanquished.

Vanquished Creatures (others)
  60 foxfires
60 creatures vanquished.

Grand Total: 87 creatures vanquished

Table legend:
 A = Non-vault XP
 B = Vault XP
 C = Vault XP percentage of total XP
 D = Non-vault monster count
 E = Vault monster count
 F = Vault count percentage of total count
                 A         B        C        D         E       F
            +---------+---------+-------+---------+---------+-------
      Total |      51 |       5 |   8.9 |      23 |       3 |  11.5
            +---------+---------+-------+---------+---------+-------
        D:1 |      23 |       0 |   0.0 |      14 |       0 |   0.0
        D:2 |      28 |       5 |  15.2 |       9 |       3 |  25.0
            +---------+---------+-------+---------+---------+-------

Illustrated notes

Table legend:
 A = Kills in this place as a percentage of kills in entire the game.
 B = Kills by you in this place as a percentage of kills by you in the entire game.
 C = Kills by friends in this place as a percentage of kills by friends in the entire game.
 D = Other kills in this place as a percentage of other kills in the entire game.
 E = Experience gained in this place as a percentage of experience gained in the entire game.
 F = Experience gained in this place divided by the number of levels of this place that you have seen.
                   A       B       C       D       E      F
               +-------+-------+-------+-------+-------+----------------------
         Total | 100.0 | 100.0 |   N/A |   N/A | 100.0 |  28.0
       Dungeon | 100.0 | 100.0 |   N/A |   N/A | 100.0 |  28.0
               +-------+-------+-------+-------+-------+----------------------

Table legend: (Time is in decaauts)
 A = Elapsed time spent in this place.
 B = Non-inter-level travel time spent in this place.
 C = Inter-level travel time spent in this place.
 D = Time resting spent in this place.
 E = Time spent auto-exploring this place.
 F = Levels seen in this place.
 G = Mean time per level.
                   A        B        C        D        E       F      G
               +--------+--------+--------+--------+--------+-----+--------+
         Total |   1709 |   1676 |     33 |     95 |   1382 |   2 |  854.5 |
       Dungeon |   1709 |   1676 |     33 |     95 |   1382 |   2 |  854.5 |
               +--------+--------+--------+--------+--------+-----+--------+

Top non-repeatable levels by time:
     D:1: 1109 daAuts
     D:2: 599 daAuts
